AoeStats
← dave9014

Glade

510869250Analyzed
1v1 RM · 12h ago on Oct 2, 2026· 30m 25s· 2 players
Game mode
Random Map
Map size
Tiny (2 player)
Population
200
Speed
Normal
Resources
Standard
Victory
Conquest
Starting age
Dark Age
Ending age
Imperial Age
RankedLock teamsTeams togetherTeam positionsShared explorationLock speedFull tech treeHidden civsTurbo modeCheats
Victory
Defeat
🇨🇿 Celts · Czechia
943
+17
🇲🇽 Teutons · Mexico
963
-17
dave9014
2:46 Loom
11:25 Feudal Age
12:03 Double-Bit Axe
11:59 Horse Collar
17:04 Castle Age
15:45 Fletching
17:56 Heavy Plow
18:07 Bow Saw
20:01 Bodkin Arrow
20:10 Scale Mail Armor
24:27 Scale Mail Armor
24:39 Forging
25:11 Wheelbarrow
24:22 Town Watch
24:30 Town Watch
29:28 Imperial Age
29:52 Gold Mining
makoen07
3:15 Loom
12:02 Feudal Age
12:04 Man-at-Arms
12:39 Double-Bit Axe
14:24 Horse Collar
20:07 Stone Mining
24:01 Castle Age
23:29 Gold Mining
23:51 Fletching
25:10 Wheelbarrow
25:32 Bow Saw
27:44 Town Watch
29:45 Stone Shaft Mining
30:20 Scale Mail Armor
Connection lost

Rejoining the realm…

Still unreachable

The connection could not be restored.

Session expired

The server has moved on; the page needs a fresh start.